 Dungeon Sprint DCSS version 0.30-a0-118-ga018f8e90f (webtiles) character file.

Game seed: 7309298565828530462

14 dduke234 the Trooper (level 1, 0/19 HPs)
             Began as a Demonspawn Fighter on Sept 13, 2022.
             Was a Plaything of Xom.
             Slain by Grinder (1 damage)
             ... in the Dungeon (Sprint VI: "Thunderdome").
             The game lasted 00:03:13 (193 turns).

dduke234 the Trooper (Demonspawn Fighter)            Turns: 193, Time: 00:03:14

Health: 0/19       AC:  6    Str: 14    XL:     1   Next: 91%
Magic:  1/1        EV:  9    Int:  9    God:    Xom [..*...]
Gold:   40         SH:  5    Dex: 18    Spells: 0/0 levels left

rFire   + . .      SeeInvis .    a - +0 long sword
rCold   + . .      Faith    +    c - +0 buckler
rNeg    . . .      Spirit   .    b - +0 scale mail
rPois   +          Reflect  .    (no helmet)
rElec   +          Harm     .    (no cloak)
rCorr   .          Rampage  .    (no gloves)
Will    ++...      NoTele   +    (no boots)
Stlth   +.........               o - amulet "Unoulluo" {Faith rF+ Will+}
HPRegen 0.06/turn                p - ring "Hifug" {rElec rPois Will+ Str-2 Dex+6}
MPRegen 0.07/turn                q - ring "Had Saro" {rC+ Slay+3}

@: no status effects
A: no striking features
a: Renounce Religion


You were in the Dungeon.
You worshipped Xom.
You were a toy of Xom.
You visited 1 branch You collected 220 gold pieces.
You spent 180 gold pieces at shops.

Inventory:

Hand Weapons
 a - a +0 long sword (weapon)
Armour
 b - a +0 scale mail (worn)
 c - a +0 buckler (worn)
Jewellery
 o - the amulet "Unoulluo" (around neck) {Faith rF+ Will+}
   (You bought it in a shop in the Dungeon)

   [amulet of faith]

   It allows you to gain divine favour quickly.
   rF:        It protects you from fire.
   Will:      It increases your willpower.
 p - the ring "Hifug" (left hand) {rElec rPois Will+ Str-2 Dex+6}
   (You bought it in a shop in the Dungeon)

   [ring of willpower]

   Str:       It affects your strength (-2).
   Dex:       It affects your dexterity (+6).
   rElec:     It insulates you from electricity.
   rPois:     It protects you from poison.
   Will:      It increases your willpower.
 q - the ring "Had Saro" (right hand) {rC+ Slay+3}
   (You bought it in a shop in the Dungeon)

   [ring of protection from cold]

   Slay:      It affects your accuracy & damage with ranged weapons and melee
   (+3).
   rC:        It protects you from cold.
 r - the amulet of Daisies {Spirit -Tele rC+ rN+++ Str+3}
   (You bought it in a shop in the Dungeon)

   [amulet of guardian spirit]

   It causes incoming damage to be divided between your reserves of health and
   magic.
   Str:       It affects your strength (+3).
   rC:        It protects you from cold.
   rN:        It renders you almost immune to negative energy.
   -Tele:     It prevents most forms of teleportation.
Wands
 l - a wand of light (5)
 m - a wand of roots (5)
Scrolls
 j - 4 scrolls of blinking
 n - 2 scrolls of butterflies
Potions
 d - a potion of might
 e - a potion of curing
 f - 4 potions of heal wounds
 g - 4 potions of haste
 h - 2 potions of magic
 i - a potion of berserk rage
 k - a potion of resistance


   Skills:
 * Level 3.7 Fighting
 * Level 2.2 Long Blades
 * Level 3.3 Armour
 * Level 0.8 Dodging
 * Level 1.0 Stealth
 - Level 2.6 Shields


You couldn't memorise any spells.
You didn't know any spells.
Your spell library was empty.

Dungeon Overview and Level Annotations

Branches:
Dungeon (1/1)

Altars:
Cheibriados
Dithmenos
Fedhas
Gozag
Kikubaaqudgha
Makhleb
Okawaru
Qazlal
Ru
Sif Muna
Trog
Uskayaw
Vehumet
Wu Jian
Xom
Yredelemnul
Lugonu

Shops:
D *[??*?*:[((!!!!

Annotations:
D Grinder


Message History

Found an iron altar of Okawaru.
Found a blossoming altar of Fedhas and a sacrificial altar of Ru.
Found Naulis's Weapon Rack and Mayxy's Premium Goods.
Found a stormy altar of Qazlal and a bloodstained altar of Trog.
Found Zivekaph's Basic Armour and Fuwkiw Quuf's Miscellaneous Merchandise.
There is a burning altar of Makhleb here.
There is a hide-covered altar of Uskayaw here.
There is a shimmering altar of Xom here.
You kneel at the altar of Xom.
Xom welcomes you!
Your amulet flashes!
There is an entrance to Eraygim's Identification Station here.
There is a shimmering altar of Xom here.
There is a hide-covered altar of Uskayaw here.
Get ready!
There is a burning altar of Makhleb here.
ROUND 2!
FIGHT!
You sense a tension in the east.
Grinder comes into view.
There is a stormy altar of Qazlal here.
As you read the scroll of butterflies, it crumbles to dust.
You hear the tinkle of a tiny bell.
Grinder shouts!
You swap places.
You swap places.
Grinder says, "Mostly I couldn't keep them alive."
You hit Grinder but do no damage. Grinder gestures at you.
You resist with almost no effort.
You barely miss Grinder. Grinder hits you.
You writhe in agony.
You slash Grinder!
Grinder is lightly wounded.
Grinder hits you.
You writhe in agony.
* * * LOW HITPOINT WARNING * * *
A shower of butterflies erupts from you!
Grinder hits you.
* * * LOW HITPOINT WARNING * * *
You writhe in agony.
You die...
Xom snickers!

#⌠..........# #.<.# #.........
#⌠..........###...###.........
##.............###............
###∩........8.# #.8........∩#
##∩___......###.......__∩##
######.8...b.b...8.######
#⌠....b......⌠#
###..b5.bb..### #bbb@.b.._#
#_...bb.._# #_b....b._#
#∩.......∩# ##∩.....∩##
##.....## ##⌠⌠⌠## #####


You could see Grinder (ally target).

Vanquished Creatures
  An orc (D)
  2 hobgoblins (D)
  A jackal (D)
  A frilled lizard (D)
  A rat (D)
6 creatures vanquished.

Notes
Turn   | Place    | Note
-------+----------+-------------------------------------------
     0 | D        | dduke234 the Demonspawn Fighter began the quest for the
                  | Orb.
     0 | D        | Reached XP level 1. HP: 18/18 MP: 1/1
     1 | D        | Found a snail-covered altar of Cheibriados.
     3 | D        | Found an opulent altar of Gozag.
     4 | D        | Found a radiant altar of Vehumet.
     4 | D        | Found a shimmering blue altar of Sif Muna.
     4 | D        | Found Giewuid's Staff Store.
     4 | D        | Found Zoelausuv's Magic Scroll Shop.
     5 | D        | Found a shadowy altar of Dithmenos.
     5 | D        | Found Raghef's Must-Have Magic.
     5 | D        | Found Eze Door's Magic Scroll Shop.
     5 | D        | Round 1.
    19 | D        | Found an ornate altar of the Wu Jian Council.
    20 | D        | Found a corrupted altar of Lugonu.
    24 | D        | Found Hyhoodic's Jewellery.
    25 | D        | Found Inibugics's Advanced Armour.
    26 | D        | Found a burning altar of Makhleb.
    26 | D        | Found a hide-covered altar of Uskayaw.
    26 | D        | Found a shimmering altar of Xom.
    26 | D        | Found Eraygim's Identification Station.
    87 | D        | Bought a glittering golden amulet for 45 gold pieces
    87 | D        | Identified the amulet "Unoulluo" {Faith rF+ Will+} (You
                  | bought it in a shop in the Dungeon)
    87 | D        | Bought a coiled brass ring for 45 gold pieces
    87 | D        | Identified the ring "Hifug" {rElec rPois Will+ Str-2 Dex+6}
                  | (You bought it in a shop in the Dungeon)
    87 | D        | Bought a bound golden ring for 45 gold pieces
    87 | D        | Identified the ring "Had Saro" {rC+ Slay+3} (You bought it
                  | in a shop in the Dungeon)
    87 | D        | Bought a warped iron amulet for 45 gold pieces
    87 | D        | Identified the amulet of Daisies {Spirit -Tele rC+ rN+++
                  | Str+3} (You bought it in a shop in the Dungeon)
   135 | D        | Reached skill level 1 in Stealth
   138 | D        | Found Puteon's Distillery.
   140 | D        | Found a basalt altar of Yredelemnul.
   140 | D        | Found an ancient bone altar of Kikubaaqudgha.
   140 | D        | Found Avva's Do-It-Yourself Clinic.
   141 | D        | Found Zeemez's Distillery.
   141 | D        | Found Icoefusa's Bottled Wisdom.
   145 | D        | Arena points: 14 (+14) [x2]
   154 | D        | Found an iron altar of Okawaru.
   158 | D        | Found a blossoming altar of Fedhas.
   158 | D        | Found a sacrificial altar of Ru.
   159 | D        | Found a stormy altar of Qazlal.
   159 | D        | Found a bloodstained altar of Trog.
   159 | D        | Found Naulis's Weapon Rack.
   159 | D        | Found Mayxy's Premium Goods.
   160 | D        | Found Zivekaph's Basic Armour.
   160 | D        | Found Fuwkiw Quuf's Miscellaneous Merchandise.
   174 | D        | Became a worshipper of Xom the Fickle
   183 | D        | Round 2.
   186 | D        | Noticed Grinder
   193 | D        | XOM: butterfly on damage
   193 | D        | Slain by Grinder

Illustrated notes

Levels and vault maps discovered:
D:        arena_sprint

Skill      XL: |  1 |
---------------+----+-----
Long Blades    | 2 |  2.2
Armour         | 3 |  3.3
Stealth        | 1 |  1.0
Fighting       | |  3.7
Dodging        | |  0.8
Shields        | |  2.6

Action                   || total
-------------------------++-------
Melee: Long sword        ||    20
  Use: Scroll            ||     1
Armor: Scale mail        ||     3
Dodge: Dodged            ||    15
Block: Buckler           ||     3

Table legend: (Time is in decaauts)
 A = Elapsed time spent in this place.
 B = Non-inter-level travel time spent in this place.
 C = Inter-level travel time spent in this place.
 D = Time resting spent in this place.
 E = Time spent auto-exploring this place.
 F = Levels seen in this place.
 G = Mean time per level.
                   A        B        C        D        E       F      G
               +--------+--------+--------+--------+--------+-----+--------+
         Total |    198 |    198 |      0 |      0 |     20 |   1 |  198.0 |
       Dungeon |    198 |    198 |      0 |      0 |     20 |   1 |  198.0 |
               +--------+--------+--------+--------+--------+-----+--------+

Top non-repeatable levels by time:
       D: 198 daAuts
